Selects Australian Defense Battlegroup
Selects Australian Light Infantry Section
Australian Light Infantry Section
Australian Light Infantry Section
Construct Section Command Post
Construct Platoon Command Post
Selects CMP 15cwt Supply Run
Unlock M3 Stuart Light Tanks
Construct Field Infirmary
Construct Company Command Post
Selects Artillery Trip Wire Flares
Selects Defensive Tactics
Unlock M3 Grant Medium Tanks
Selects Archer Tank Destroyer